TOP OF THE 1ST |
Coweta HS Tigers batting - Pitching for Fresno HS Red Wings : RHP Jeff Finley
|
Pitching: RHP Jeff Finley
|
|
Batting: RHB Ramiro Javier
|
0-0: Ball 1-0: Ball 2-0: Fly out, F8 (Flyball, 8LM)
|
Batting: RHB Brian Andrews
|
0-0: Ball 1-0: Called Strike 1-1: Ball 2-1: Fly out, F8 (Popup, 8RS)
|
Batting: RHB José Cisneros
|
0-0: Ball 1-0: Foul Ball, location: 2F 1-1: Swinging Strike 1-2: Ball 2-2: Ball 3-2: SINGLE (Line Drive, 6D)
|
Batting: RHB Héctor Vázquez
|
0-0: Called Strike 0-1: Ball 1-1: Ball 2-1: Foul Ball, location: 2F 2-2: Foul Ball, location: 2F 2-2: Fielders Choice at 2nd, 6-4 (Groundball, 6)
|
Top of the 1st over - 0 run(s), 1 hit(s), 0 error(s), 0 left on base; Coweta HS 0 - Fresno HS 0 |
BOTTOM OF THE 1ST |
Fresno HS Red Wings batting - Pitching for Coweta HS Tigers : RHP Kyle Horton
|
Pitching: RHP Kyle Horton
|
|
Batting: RHB Johnny Carson
|
0-0: Ball 1-0: Swinging Strike 1-1: Ball 2-1: Fly out, F3 (Popup, 3S)
|
Batting: RHB Jack Hogan
|
0-0: Ball 1-0: Foul Ball, location: 2F 1-1: Ground out 6-3 (Groundball, 6)
|
Batting: RHB Jeffrey Barker
|
0-0: Ball 1-0: SINGLE (Groundball, 56D)
|
Batting: LHB Jack Mitchell
|
0-0: Called Strike 0-1: Ball 1-1: Fielders Choice at 2nd, U6 (Groundball, 6M)
|
Bottom of the 1st over - 0 run(s), 1 hit(s), 0 error(s), 1 left on base; Coweta HS 0 - Fresno HS 0 |
TOP OF THE 2ND |
Coweta HS Tigers batting - Pitching for Fresno HS Red Wings : RHP Jeff Finley
|
Batting: LHB Jim Clemente
|
0-0: Called Strike 0-1: Called Strike 0-2: Ball 1-2: Ball 2-2: Foul Ball, location: 2F 2-2: Ball 3-2: Base on Balls
|
Batting: RHB Ben Johnson
|
0-0: Called Strike Jim Clemente steals 2nd base 0-1: Reached on error, E1 (Groundball, 13S) Jim Clemente scores
|
Batting: RHB Phil Shaw
|
0-0: Ball 1-0: Ball 2-0: Swinging Strike 2-1: Foul Ball, location: 2F 2-2: Strikes out looking
|
Batting: RHB Jon Waller
|
0-0: Ball 1-0: Foul Ball, location: 2F 1-1: Called Strike 1-2: Fly out, F8 (Flyball, 8LS)
|
Batting: RHB Dusty Green
|
0-0: Called Strike 0-1: SINGLE (Line Drive, 78M) Ben Johnson to third
|
Batting: RHB Ramiro Javier
|
0-0: Ball 1-0: Swinging Strike 1-1: Foul Ball, location: 2F 1-2: Ball 2-2: Strikes out looking
|
Top of the 2nd over - 1 run(s), 1 hit(s), 1 error(s), 2 left on base; Coweta HS 1 - Fresno HS 0 |
BOTTOM OF THE 2ND |
Fresno HS Red Wings batting - Pitching for Coweta HS Tigers : RHP Kyle Horton
|
Batting: RHB Michael Kissinger
|
0-0: Called Strike 0-1: Swinging Strike 0-2: Ball 1-2: Reached on error, E6 (Groundball, 6)
|
Batting: RHB Matt Snow
|
0-0: Called Strike 0-1: SINGLE (Line Drive, 7S) Michael Kissinger to third
|
Batting: RHB John Martin
|
0-0: Foul Ball, location: 2F 0-1: Ball 1-1: Ball Matt Snow is caught stealing 2nd base 2-1: Foul Ball, location: 2F 2-2: Foul Ball, location: 2F 2-2: Strikes out swinging
|
Batting: RHB Joel García
|
0-0: Swinging Strike 0-1: SINGLE (Groundball, 6MD) Michael Kissinger scores
|
Batting: RHB Cristo Avalos
|
0-0: Called Strike 0-1: Ball 1-1: Called Strike 1-2: Strikes out swinging
|
Bottom of the 2nd over - 1 run(s), 2 hit(s), 1 error(s), 1 left on base; Coweta HS 1 - Fresno HS 1 |
TOP OF THE 3RD |
Coweta HS Tigers batting - Pitching for Fresno HS Red Wings : RHP Jeff Finley
|
Batting: RHB Brian Andrews
|
0-0: Called Strike 0-1: Foul Ball, location: 2F 0-2: Reached on Error, E9 (Flyball, 89S)
|
Batting: RHB José Cisneros
|
0-0: Swinging Strike 0-1: Swinging Strike 0-2: Ball 1-2: Strikes out looking
|
Batting: RHB Héctor Vázquez
|
0-0: Ball 1-0: Ball 2-0: Called Strike 2-1: Foul Ball, location: 2F 2-2: Strikes out swinging
|
Batting: LHB Jim Clemente
|
0-0: Ball 1-0: Ball 2-0: Ball 3-0: Foul Ball, location: 2F 3-1: Foul Ball, location: 2F 3-2: Foul Ball, location: 2F 3-2: Foul Ball, location: 2F 3-2: SINGLE (Line Drive, 6MD) Brian Andrews to second Brian Andrews to third
|
Batting: RHB Ben Johnson
|
0-0: Fly out, F8 (Flyball, 8RM)
|
Top of the 3rd over - 0 run(s), 1 hit(s), 1 error(s), 2 left on base; Coweta HS 1 - Fresno HS 1 |
BOTTOM OF THE 3RD |
Fresno HS Red Wings batting - Pitching for Coweta HS Tigers : RHP Kyle Horton
|
Batting: RHB Johnny Carson
|
0-0: Ball 1-0: Foul Ball, location: 2F 1-1: SINGLE (Groundball, 56)
|
Batting: RHB Jack Hogan
|
0-0: Hit by Pitch Johnny Carson to second
|
Batting: RHB Jeffrey Barker
|
0-0: Foul Ball, location: 2F 0-1: Ball 1-1: SINGLE (Line Drive, 6M) Johnny Carson to third Jack Hogan to second
|
Batting: LHB Jack Mitchell
|
0-0: Ball 1-0: Fly out, F9 (Line Drive, 9M) Runner from 3rd tags up, SCORES, throw made
|
Batting: RHB Michael Kissinger
|
0-0: Foul Ball, location: 2F 0-1: Ball 1-1: SINGLE (Line Drive, 7S) Jack Hogan to third Jeffrey Barker to second Runner from 3rd tries for Home, SAFE, throw made home
|
Batting: RHB Matt Snow
|
0-0: Ball 1-0: Ball 2-0: Foul Ball, location: 2F 2-1: Ball 3-1: Grounds into double play, 1-4-3 (Groundball, 23)
|
Bottom of the 3rd over - 2 run(s), 3 hit(s), 0 error(s), 1 left on base; Coweta HS 1 - Fresno HS 3 |
TOP OF THE 4TH |
Coweta HS Tigers batting - Pitching for Fresno HS Red Wings : RHP Jeff Finley
|
Batting: RHB Phil Shaw
|
0-0: Ball 1-0: Foul Ball, location: 2F 1-1: Swinging Strike 1-2: Ball 2-2: Strikes out looking
|
Batting: RHB Jon Waller
|
0-0: Ground out U3 (Groundball, 3)
|
Batting: RHB Dusty Green
|
0-0: Ball 1-0: Called Strike 1-1: Ball 2-1: Fly out, F6 (Popup, 6S)
|
Top of the 4th over - 0 run(s), 0 hit(s), 0 error(s), 0 left on base; Coweta HS 1 - Fresno HS 3 |
BOTTOM OF THE 4TH |
Fresno HS Red Wings batting - Pitching for Coweta HS Tigers : RHP Kyle Horton
|
Batting: RHB John Martin
|
0-0: Ball 1-0: Ball 2-0: Foul Ball, location: 2F 2-1: Foul Ball, location: 2F 2-2: Ground out 6-3 (Groundball, 6M)
|
Batting: RHB Joel García
|
0-0: Ball 1-0: Foul Ball, location: 2F 1-1: Swinging Strike 1-2: Foul Ball, location: 2F 1-2: Ball 2-2: Ball 3-2: Strikes out swinging
|
Batting: RHB Cristo Avalos
|
0-0: Called Strike 0-1: Ball 1-1: Swinging Strike 1-2: Ball 2-2: Ball 3-2: Base on Balls
|
Batting: RHB Johnny Carson
|
0-0: Called Strike 0-1: Ball 1-1: Fly out, F9 (Flyball, 9S)
|
Bottom of the 4th over - 0 run(s), 0 hit(s), 0 error(s), 1 left on base; Coweta HS 1 - Fresno HS 3 |
TOP OF THE 5TH |
Coweta HS Tigers batting - Pitching for Fresno HS Red Wings : RHP Jeff Finley
|
Batting: RHB Ramiro Javier
|
0-0: Called Strike 0-1: Ground out 1-3 (Groundball, 13)
|
Batting: RHB Brian Andrews
|
0-0: Called Strike 0-1: Called Strike 0-2: Strikes out swinging passed ball, reaches first!
|
Pitching: LHP Israel Martínez
|
|
Batting: RHB José Cisneros
|
0-0: Foul Ball, location: 2F 0-1: Fielders Choice at 2nd, 4-6 (Groundball, 4)
|
Batting: RHB Héctor Vázquez
|
0-0: Ground out 5-3 (Groundball, 5)
|
Top of the 5th over - 0 run(s), 0 hit(s), 0 error(s), 1 left on base; Coweta HS 1 - Fresno HS 3 |
BOTTOM OF THE 5TH |
Fresno HS Red Wings batting - Pitching for Coweta HS Tigers : RHP Kyle Horton
|
Batting: RHB Jack Hogan
|
0-0: Ball 1-0: Called Strike 1-1: Fly out, F9 (Flyball, 89S)
|
Batting: RHB Jeffrey Barker
|
0-0: Fly out, F8 (Flyball, 8LD)
|
Batting: LHB Jack Mitchell
|
0-0: Called Strike 0-1: SOLO HOME RUN (Flyball, 7D), Distance : 346 ft
|
Batting: RHB Michael Kissinger
|
0-0: Ball 1-0: Ball 2-0: Ball 3-0: Called Strike 3-1: Fly out, F8 (Flyball, 8RM)
|
Bottom of the 5th over - 1 run(s), 1 hit(s), 0 error(s), 0 left on base; Coweta HS 1 - Fresno HS 4 |
TOP OF THE 6TH |
Coweta HS Tigers batting - Pitching for Fresno HS Red Wings : LHP Israel Martínez
|
Batting: LHB Jim Clemente
|
0-0: Ball 1-0: Ball 2-0: Called Strike 2-1: Fly out, F7 (Flyball, 78M)
|
Batting: RHB Ben Johnson
|
0-0: Called Strike 0-1: Ball 1-1: Foul Ball, location: 2F 1-2: Ball 2-2: Strikes out swinging
|
Batting: RHB Phil Shaw
|
0-0: Ball 1-0: Ball 2-0: Ball 3-0: Base on Balls
|
Batting: RHB Jon Waller
|
0-0: Ball 1-0: Called Strike 1-1: Ball 2-1: Ball 3-1: Base on Balls Phil Shaw to second
|
Batting: RHB Dusty Green
|
0-0: Foul Ball, location: 2F 0-1: Reached on error, E6 (Groundball, 56) Phil Shaw to third Jon Waller to second
|
Batting: RHB Ramiro Javier
|
0-0: Ball 1-0: SINGLE (Groundball, 4M) Phil Shaw scores Jon Waller to third Dusty Green to second Runner from 3rd tries for Home, SAFE, no throw or cutoff
|
Batting: RHB Brian Andrews
|
0-0: Swinging Strike 0-1: Foul Ball, location: 2F 0-2: Strikes out looking
|
Top of the 6th over - 2 run(s), 1 hit(s), 1 error(s), 2 left on base; Coweta HS 3 - Fresno HS 4 |
BOTTOM OF THE 6TH |
Fresno HS Red Wings batting - Pitching for Coweta HS Tigers : RHP Kyle Horton
|
Batting: RHB Matt Snow
|
0-0: Ball 1-0: SINGLE (Line Drive, 56)
|
Pitching: RHP Lonnie Miller
|
|
Batting: RHB John Martin
|
0-0: 2-RUN HOME RUN (Flyball, 7LD), Distance : 333 ft
|
Batting: RHB Joel García
|
0-0: Foul Ball, location: 2F 0-1: Ball 1-1: Ball 2-1: Ball 3-1: Base on Balls
|
Batting: RHB Cristo Avalos
|
0-0: Called Strike 0-1: Ball 1-1: Foul Ball, location: 2F 1-2: Foul Ball, location: 2F 1-2: Grounds into double play, 6-4-3 (Groundball, 6)
|
Batting: RHB Johnny Carson
|
0-0: Ball 1-0: Ball 2-0: Ball 3-0: Called Strike 3-1: Base on Balls
|
Batting: RHB Jack Hogan
|
0-0: Foul Ball, location: 2F 0-1: Fly out, F3 (Popup, 3SF)
|
Bottom of the 6th over - 2 run(s), 2 hit(s), 0 error(s), 1 left on base; Coweta HS 3 - Fresno HS 6 |
TOP OF THE 7TH |
Coweta HS Tigers batting - Pitching for Fresno HS Red Wings : LHP Israel Martínez
|
Batting: RHB José Cisneros
|
0-0: Swinging Strike 0-1: Called Strike 0-2: Strikes out swinging
|
Pitching: RHP Greg Cooper
|
|
Batting: RHB Héctor Vázquez
|
0-0: Ball 1-0: Ball 2-0: Foul Ball, location: 2F 2-1: Fly out, F9 (Flyball, 89M)
|
Batting: LHB Jim Clemente
|
0-0: Ground out 3-1 (Groundball, 34)
|
Top of the 7th over - 0 run(s), 0 hit(s), 0 error(s), 0 left on base; Coweta HS 3 - Fresno HS 6 |
BOTTOM OF THE 7TH |
Fresno HS Red Wings batting - Pitching for Coweta HS Tigers : RHP Lonnie Miller
|
Batting: RHB Jeffrey Barker
|
0-0: Ball 1-0: Ball 2-0: Ball 3-0: Base on Balls
|
Batting: LHB Jack Mitchell
|
0-0: Ball 1-0: Called Strike 1-1: Fly out, F8 (Flyball, 8LD)
|
Batting: RHB Michael Kissinger
|
0-0: Ball 1-0: Called Strike 1-1: Ball 2-1: Ball 3-1: Foul Ball, location: 2F 3-2: Foul Ball, location: 2F 3-2: Strikes out swinging
|
Pitching: LHP Will Merritt
|
|
Batting: RHB Matt Snow
|
0-0: Ball 1-0: Called Strike 1-1: Called Strike 1-2: Ball 2-2: Ball 3-2: Fly out, F4 (Line Drive, 4M)
|
Bottom of the 7th over - 0 run(s), 0 hit(s), 0 error(s), 1 left on base; Coweta HS 3 - Fresno HS 6 |
TOP OF THE 8TH |
Coweta HS Tigers batting - Pitching for Fresno HS Red Wings : RHP Greg Cooper
|
Batting: RHB Ben Johnson
|
0-0: Swinging Strike 0-1: Ball 1-1: Called Strike 1-2: Ball 2-2: Strikes out swinging
|
Batting: RHB Phil Shaw
|
0-0: Called Strike 0-1: Foul Ball, location: 2F 0-2: Strikes out swinging
|
Batting: RHB Jon Waller
|
0-0: Swinging Strike 0-1: Swinging Strike 0-2: Strikes out swinging
|
Top of the 8th over - 0 run(s), 0 hit(s), 0 error(s), 0 left on base; Coweta HS 3 - Fresno HS 6 |
BOTTOM OF THE 8TH |
Fresno HS Red Wings batting - Pitching for Coweta HS Tigers : LHP Will Merritt
|
Batting: RHB John Martin
|
0-0: Called Strike 0-1: Swinging Strike 0-2: Ball 1-2: Foul Ball, location: 2F 1-2: Strikes out swinging
|
Batting: RHB Joel García
|
0-0: Called Strike 0-1: Ground out 5-3 (Groundball, 5)
|
Batting: RHB Cristo Avalos
|
0-0: Fly out, F7 (Flyball, 7M)
|
Bottom of the 8th over - 0 run(s), 0 hit(s), 0 error(s), 0 left on base; Coweta HS 3 - Fresno HS 6 |
TOP OF THE 9TH |
Coweta HS Tigers batting - Pitching for Fresno HS Red Wings : RHP Greg Cooper
|
Pitching: RHP Sandy Lund
|
|
Batting: RHB Dusty Green
|
0-0: Ball 1-0: SINGLE (Groundball, 34D)
|
Batting: RHB Ramiro Javier
|
0-0: Ball 1-0: Ball 2-0: Called Strike 2-1: Foul Ball, location: 2F 2-2: Fielders Choice at 2nd, 6-4 (Groundball, 6M)
|
Batting: RHB Brian Andrews
|
0-0: Ball 1-0: Fly out, F9 (Line Drive, 9S)
|
Batting: RHB José Cisneros
|
0-0: Ball 1-0: Fielders Choice at 2nd, 5-4 (Groundball, 56)
|
Top of the 9th over - 0 run(s), 1 hit(s), 0 error(s), 0 left on base; Coweta HS 3 - Fresno HS 6 |
|